 Dungeon Crawl Stone Soup version 0.24.0-123-gd5b16e6ec5 (webtiles) character file.

Game seed: 10891751102431082323, levelgen mode: deterministic

134670 Johnny the Geomancer (level 16, -16/137 HPs)
             Began as a Demigod Earth Elementalist on Feb 7, 2020.
             Demolished by a +2 glaive of flaming (20 damage)
             ... on level 2 of the Elven Halls.
             The game lasted 01:05:16 (30405 turns).

Johnny the Geomancer (Demigod Earth Elementalist)  Turns: 30405, Time: 01:05:17

Health: -16/137    AC: 19    Str: 15    XL:     16   Next: 13%
Magic:  33/57      EV:  9    Int: 45    God:
Gold:   1664       SH:  0    Dex: 19    Spells: 26/41 levels left

rFire    + . .     SeeInvis +   l - +10 trident of Evisceration {pierce, rF++}
rCold    + + .     Gourm    .   (no shield)
rNeg     . . .     Faith    .   L - +1 ice dragon scales of Sadunill {rElec rF- rC++ Str+4 Int+3}
rPois    .         Spirit   .   e - +3 hat of Pondering {ponderous, MR+ MP+10 Int+5}
rElec    +         Reflect  .   y - +2 cloak of the Thief {+Fog Slay-2 SInv Stlth+}
rCorr    +         Harm     .   T - +1 pair of gloves {archery}
MR       ++...                  w - +0 pair of boots
Stlth    ++........             x - amulet of magic regeneration
HPRegen  0.32/turn              I - ring "Magigg" {rCorr Int+8 Dex+3}
MPRegen  0.60/turn              G - ring of magical power

@: very slightly contaminated, hasted, very quick
A: high mp 1
a: Evoke Fog


You were on level 2 of the Elven Halls.
You were not hungry.

You visited 5 branches of the dungeon, and saw 26 of its levels.
You also visited: Sewer and Desolation.

You collected 3469 gold pieces.
You spent 1805 gold pieces at shops.

Inventory:

Hand Weapons
 l - the +10 trident of Evisceration (weapon) {pierce, rF++}
   (You found it on level 1 of the Elven Halls)

   It inflicts extra damage upon your enemies.
   It greatly protects you from fire.
 Y - the +5 mace "Dyhineca" {crush, rC+}
   (You found it in the Desolation of Salt)

   It inflicts extra damage upon your enemies.
   It protects you from cold.
Missiles
 D - 235 stones (quivered)
Armour
 a - a +2 shield
 e - the +3 hat of Pondering (worn) {ponderous, MR+ MP+10 Int+5}
   (You bought it in a shop on level 2 of the Orcish Mines)

   It affects your intelligence (+5).
   It affects your resistance to hostile enchantments.
   It affects your magic capacity (+10).
 n - the +2 helmet "Caummusiakh" {rN+, unknown}
   (You found it in the Desolation of Salt)

   It protects you from negative energy.
 s - a +2 troll leather armour
 w - a +0 pair of boots (worn)
 y - the +2 cloak of the Thief (worn) {+Fog Slay-2 SInv Stlth+}
   (You bought it in a shop on level 5 of the Dungeon)

   It affects your accuracy and damage with ranged weapons and melee attacks
   (-2).
   It lets you see invisible.
   It makes you more stealthy.
 L - the +1 ice dragon scales of Sadunill (worn) {rElec rF- rC++ Str+4 Int+3}
   (You found it in the Desolation of Salt)

   It affects your strength (+4).
   It affects your intelligence (+3).
   It makes you vulnerable to fire.
   It greatly protects you from cold.
   It insulates you from electricity.
 T - a +1 pair of gloves of archery (worn)
 U - a scarf of repulsion
Jewellery
 x - an amulet of magic regeneration (around neck)
 G - a ring of magical power (right hand)
 I - the ring "Magigg" (left hand) {rCorr Int+8 Dex+3}
   (You found it in the Desolation of Salt)

   [ring of resist corrosion]

   It affects your intelligence (+8).
   It affects your dexterity (+3).
   It provides partial protection from all sources of acid and corrosion.
 K - the ring of Sogol {*Corrode rC+++ rN+ Slay+4}
   (You found it in the Desolation of Salt)

   [ring of positive energy]

   It affects your accuracy and damage with ranged weapons and melee attacks
   (+4).
   It renders you almost immune to cold.
   It protects you from negative energy.
   It may corrode you when you take damage.
 X - the ring of Ulosch {rElec rF+++ MR+ Str-4 Stlth+}
   (You found it in the Desolation of Salt)

   [ring of protection from magic]

   It affects your strength (-4).
   It renders you almost immune to fire.
   It insulates you from electricity.
   It affects your resistance to hostile enchantments.
   It makes you more stealthy.
Wands
 j - a wand of paralysis (9)
 o - a wand of iceblast (10)
 F - a wand of polymorph (7)
 S - a wand of enslavement (6)
Scrolls
 b - a scroll of enchant weapon
 g - 4 scrolls of fog
 i - 2 scrolls of teleportation
 k - 7 scrolls of amnesia
 q - 2 scrolls of magic mapping
 t - a scroll of noise
 u - 2 scrolls of silence
 v - 12 scrolls of remove curse
 H - 3 scrolls of immolation
 J - 4 scrolls of vulnerability
 N - a scroll of holy word
 Z - 2 scrolls of fear
Potions
 f - 3 potions of flight
 h - 7 potions of mutation
 m - 3 potions of lignification
 p - 3 potions of haste
 r - 3 potions of berserk rage
 z - 3 potions of magic
 A - 2 potions of might
 B - 8 potions of curing
 M - a potion of ambrosia
 Q - a potion of brilliance
Miscellaneous
 C - a lamp of fire
 E - a box of beasts
 O - a phial of floods
Comestibles
 d - 46 rations


   Skills:
 - Level 11.2 Fighting
 - Level 1.7 Dodging
 - Level 1.7 Stealth
 + Level 11.4 Shields
 + Level 13.4 Spellcasting
 - Level 0.8 Transmutations
 + Level 14.5 Earth Magic
 - Level 10.6 Evocations


You had 26 spell levels left.
You knew the following spells:

 Your Spells              Type           Power        Failure   Level  Hunger
a - Sandblast             Erth           ######       0%          1    None
b - Stone Arrow           Conj/Erth      ######       1%          3    None
c - Lee's Rapid Deconstr  Erth           ########..   1%          5    None
d - Petrify               Tmut/Erth      #######.     1%          4    None
e - Sublimation of Blood  Necr           ####......   8%          2    None

Your spell library contained the following spells:

 Spells                   Type           Power        Failure   Level  Hunger
 Passwall                 Tmut/Erth      #######.     1%          2    None
 Animate Skeleton         Necr           N/A          4%          1    None
 Apportation              Tloc           ####..       4%          1    None
 Confusing Touch          Hex            ####..       4%          1    None
 Flame Tongue             Conj/Fire      ####.        4%          1    None
 Shock                    Conj/Air       ####         4%          1    None
 Summon Small Mammal      Summ           ####         4%          1    None
 Corpse Rot               Necr           N/A          8%          2    None
 Ensorcelled Hibernation  Hex/Ice        ####..       8%          2    None
 Throw Flame              Conj/Fire      ####..       8%          2    None
 Confuse                  Hex            ####....     14%         3    None
 Conjure Flame            Conj/Fire      ####....     14%         3    None
 Gell's Gravitas          Tloc           ####......   14%         3    None
 Inner Flame              Hex/Fire       ####....     14%         3    None
 Vampiric Draining        Necr           ####......   14%         3    None
 Sticky Flame             Conj/Fire      ####....     43%         4    None
 Yara's Violent Unravell  Hex/Tmut       ####......   75%         5    None
 Fireball                 Conj/Fire      ####......   80%         5    None
 Metabolic Englaciation   Hex/Ice        ####......   80%         5    None
 Bolt of Cold             Conj/Ice       ####......   100%        6    None
 Ring of Flames           Chrm/Fire      ####......   100%        7    ###....


Dungeon Overview and Level Annotations

Branches:
Dungeon (15/15)            Temple (0/1) D:5            Lair (6/6) D:10
  Swamp (0/4) Lair:3        Snake (1/4) Lair:4        Slime (0/5) Lair:6
    Orc (2/2) D:12            Elf (1/3) Orc:2        Depths (0/5) D:15
  Sewer (visited)         Desolation (visited)
 Vaults: D:13-14

Shops:
D:5 [   D:6 [   D:7 [   D:8 [   D:9 }   Orc:2 }[:[


Innate Abilities, Weirdness & Mutations

You have an increased reservoir of magic. (+10% MP)


Message History

Press: ? - help, Dir - move target cursor, f - deep elf mage Fragment what (e.g. wall or brittle monster)?: a deep elf mage, wielding a +0 rapier and wearing a +0 leather armour (severely wounded)
An open translucent gate.
The stone door frame shatters!
The blast of rock fragments hits the deep elf mage!!
You kill the deep elf mage!
The +6 dagger hits you but does no damage.
Unknown command.
Unknown command.
A deep elf mage comes into view. It is wielding a +0 short sword.
The +6 dagger hits you but does no damage.
The +5 long sword of electrocution hits you!
* * * LOW HITPOINT WARNING * * *
A water elemental comes into view.
The +1 vampiric glaive hits you from afar!!
* * * LOW HITPOINT WARNING * * *
The deep elf mage casts a spell.
The +6 dagger hits you but does no damage.
The +2 glaive of flaming hits you from afar!!
You die...

... ##...☼...§§§§...
.... ##........§§§§...
e... #....(....((§§...
E.... #.............(..
.....# #.(°.............
..#...##§§...§..........
......§((#..............
#...#.§(##§.............
......§@(#.......
..#...##e.e...... .....#
#......... .....
#................ ...>
#................ ...
##............... ...
#..............
...#(.........
..###.........


You could see 2 deep elf knights, a water elemental, a deep elf mage and 5
dancing weapons.

Vanquished Creatures
  An orc warlord (Orc:2)
  An imperial myrmidon (Desolation)
  A halazid warlock (Desolation)
  A deep elf annihilator (Elf:1)
  4 crystal guardians (Desolation)
  9 ragged hierophants (Desolation)
  A fire dragon (Lair:6)
  Harold (D:8)
  Erolcha (Orc:1)
  2 deep elf high priests (Elf:1)
  7 hydras
  5 servants of whispers (Desolation)
  6 peacekeepers (Desolation)
  A catoblepas (Lair:6)
  6 dancing weapons
  A centaur warrior (D:14)
  4 two-headed ogres
  A queen ant (D:8)
  3 orc high priests (Orc:2)
  A tengu warrior (D:14)
  3 deep elf knights
  2 unseen horrors (D:14)
  8 deep elf archers
  A wizard (D:14)
  2 lindwurms (Lair:6)
  An ironbrand convoker (Desolation)
  9 orc sorcerers
  2 wolf spiders
  3 ugly things
  2 cyclopes
  An oklob plant (Orc:2)
  7 orc knights
  21 deep elf magi
  A salamander (D:15)
  Maurice (Orc:2)
  5 manticores
  5 black mambas
  Joseph (D:8)
  An elephant (Lair:3)
  3 guardian serpents (Desolation)
  A guardian serpent (shapeshifter) (D:15)
  5 torpor snails (Lair:6)
  2 gargoyles
  A centaur skeleton (D:12)
  A molten gargoyle (Desolation)
  Psyche (D:8)
  8 spiny frogs
  A kobold demonologist (D:12)
  5 komodo dragons
  2 rime drakes (Lair:3)
  A queen bee (Lair:3)
  7 hornets
  9 polar bears (Lair:6)
  8 trolls
  Prince Ribbit (Lair:1)
  51 saltlings (Desolation)
  3 slime creatures (D:13)
  4 tyrant leeches
  2 blink frogs (Lair:1)
  10 hippogriffs
  5 dream sheep (Lair:4)
  2 raiju (Lair:6)
  2 shadows (D:14)
  A water elemental (Elf:1)
  A spriggan (D:7)
  3 wyverns
  7 wraiths
  3 basilisks
  2 fire bats (Lair:2)
  41 yaks
  3 hungry ghosts
  Edmund (D:6)
  A fire elemental (Lair:2)
  5 wargs
  2 acid dragons (D:11)
  4 nagas (Lair:4)
  21 soldier ants
  2 swamp worms (Lair:3)
  10 water moccasins
  15 hell hounds (Lair:6)
  9 porcupines
  A floating eye (shapeshifter) (Elf:1)
  28 orc warriors
  7 ice beasts
  A hornet zombie (D:10)
  2 necrophages
  A phantom (D:13)
  13 black bears
  3 sky beasts
  3 eyes of draining
  9 centaurs
  14 ogres
  14 wolves
  18 crocodiles
  5 big kobolds
  9 bullfrogs
  4 gnoll sergeants
  2 earth elementals (Elf:1)
  A water moccasin zombie (D:7)
  2 wyvern skeletons
  5 scorpions
  10 wights
  40 killer bees
  2 howler monkeys (D:7)
  A vampire bat (Orc:1)
  5 electric eels (D:11)
  A lava snake (Lair:2)
  6 crimson imps
  3 centaur zombies
  3 bullfrog zombies
  3 quasits
  6 hounds
  25 orc wizards
  20 orc priests
  2 jellies
  2 bullfrog skeletons
  A gnoll shaman (D:8)
  5 iguanas
  Ijyb (D:3)
  35 worker ants
  6 hell rats (Lair:3)
  A killer bee zombie (D:10)
  A hound zombie (D:7)
  A howler monkey zombie (D:7)
  18 adders
  17 gnolls
  A shadow imp (D:13)
  4 oozes
  3 adder skeletons
  3 worms
  A dart slug (D:2)
  6 leopard geckos
  88 orcs
  A ball python (D:1)
  16 bats
  13 giant cockroaches
  11 goblins
  12 hobgoblins
  7 jackals
  16 kobolds
  8 quokkas
  4 frilled lizards
  2 leopard gecko skeletons
  12 rats
  4 plants (Lair:6)
968 creatures vanquished.

Vanquished Creatures (others)
  An orc (Orc:1)
  34 fungi (D:10)
  45 plants
80 creatures vanquished.

Grand Total: 1048 creatures vanquished

Notes
Turn   | Place    | Note
-------+----------+-------------------------------------------
     0 | D:1      | Johnny the Demigod Earth Elementalist began the quest for
                  | the Orb.
     0 | D:1      | Reached XP level 1. HP: 14/14 MP: 5/5
   175 | D:1      | Reached skill level 3 in Earth Magic
   205 | D:1      | Reached XP level 2. HP: 18/20 MP: 2/7
   985 | D:2      | Reached XP level 3. HP: 22/26 MP: 6/9
  1051 | D:2      | Found an ornate altar of the Wu Jian Council.
  1392 | D:2      | Found a glowing silver altar of Zin.
  1396 | D:2      | Found a burning altar of Makhleb.
  1396 | D:2      | Found a glowing golden altar of the Shining One.
  1407 | D:2      | Found a snail-covered altar of Cheibriados.
  1411 | D:2      | Found an iron altar of Okawaru.
  1671 | D:2      | Found a sacrificial altar of Ru.
  1672 | D:2      | Found a shimmering blue altar of Sif Muna.
  1688 | D:3      | Noticed Ijyb
  1693 | D:3      | Reached XP level 4. HP: 32/33 MP: 11/11
  1699 | D:3      | Killed Ijyb
  1705 | D:3      | Reached skill level 4 in Earth Magic
  1916 | D:3      | Reached XP level 5. HP: 10/38 MP: 9/13
  2314 | D:3      | Reached skill level 1 in Fighting
  2791 | D:4      | Found a shimmering altar of Xom.
  2966 | D:4      | Found a glowing drain.
  3003 | D:4      | Reached XP level 6. HP: 44/47 MP: 8/15
  3012 | Sewer    | Entered a sewer
  3343 | D:4      | Learned a level 3 spell: Stone Arrow
  3349 | D:4      | Learned a level 5 spell: Lee's Rapid Deconstruction
  3354 | D:4      | Learned a level 4 spell: Petrify
  3483 | D:4      | Reached skill level 5 in Earth Magic
  3755 | D:5      | Entered Level 5 of the Dungeon
  3776 | D:5      | Noticed a +0 dagger
  3777 | D:5      | Noticed a +0 dagger
  3778 | D:5      | Found a hide-covered altar of Uskayaw.
  4346 | D:5      | Reached XP level 7. HP: 46/56 MP: 9/17
  4405 | D:5      | Found a staircase to the Ecumenical Temple.
  4947 | D:5      | Reached skill level 5 in Spellcasting
  5039 | D:5      | Found Wunnyawa's Armour Shoppe.
  5047 | D:5      | Bought the +2 cloak of the Thief {+Fog Slay-2 SInv Stlth+}
                  | for 301 gold pieces
  5047 | D:5      | Found the +2 cloak of the Thief {+Fog Slay-2 SInv Stlth+}
  5245 | D:6      | Noticed Edmund
  5283 | D:6      | Killed Edmund
  5283 | D:6      | Reached skill level 6 in Earth Magic
  5283 | D:6      | Reached skill level 1 in Evocations
  5289 | D:6      | Reached XP level 8. HP: 35/66 MP: 0/19
  5435 | D:6      | Found Qodaumit's Antique Armour Emporium.
  5772 | D:6      | Found an ancient bone altar of Kikubaaqudgha.
  6341 | D:7      | Found Ohuecw's Antique Armour Boutique.
  6370 | D:7      | Reached skill level 5 in Fighting
  6593 | D:7      | Found a stormy altar of Qazlal.
  6686 | D:7      | Reached skill level 7 in Earth Magic
  6689 | D:7      | Reached XP level 9. HP: 72/74 MP: 6/22
  7482 | D:8      | Noticed a queen ant
  7503 | D:8      | Reached skill level 5 in Evocations
  7506 | D:8      | Killed a queen ant
  7506 | D:8      | Reached skill level 8 in Earth Magic
  7506 | D:8      | Reached XP level 10. HP: 41/84 MP: 2/24
  8181 | D:8      | Found a basalt altar of Yredelemnul.
  8232 | D:8      | Noticed Joseph
  8679 | D:8      | Found Biaquj's Antique Armour Boutique.
  8768 | D:8      | Killed Joseph
  9035 | D:8      | Noticed Harold
  9036 | D:8      | Noticed Psyche
  9047 | D:8      | Killed Psyche
  9258 | D:8      | Killed Harold
  9258 | D:8      | Reached skill level 9 in Earth Magic
  9388 | D:9      | Found Diddask's Gadget Boutique.
 10180 | D:10     | Entered Level 10 of the Dungeon
 10201 | D:10     | Reached XP level 11. HP: 94/94 MP: 16/27
 10278 | D:10     | Noticed a two-headed ogre
 10286 | D:10     | Killed a two-headed ogre
 10612 | D:10     | Identified a scroll of acquirement
 11198 | D:10     | Found a staircase to the Lair.
 13241 | D:12     | Identified the Collected Works on Dark Attacks (You
                  | acquired it on level 12 of the Dungeon)
 13248 | D:12     | Learned a level 2 spell: Sublimation of Blood
 13277 | D:12     | Reached skill level 10 in Earth Magic
 13439 | D:12     | Reached skill level 1 in Shields
 13915 | D:12     | Found a staircase to the Orcish Mines.
 13921 | D:12     | Reached XP level 12. HP: 78/104 MP: 10/29
 13982 | D:12     | You fall into a shaft and drop 3 floors!
 13982 | D:15     | Entered Level 15 of the Dungeon
 14419 | D:15     | Got a jet-encrusted chain mail
 14420 | D:15     | Identified the cursed +0 chain mail "Icipaiq" {rF- rN++
                  | Regen+ Dex+4} (You found it on level 15 of the Dungeon)
 14505 | D:15     | Found a staircase to the Depths.
 14742 | D:15     | Found a stormy altar of Qazlal.
 14848 | D:15     | Found a shattered altar of Ashenzari.
 15294 | D:15     | Noticed a dire elephant
 15751 | D:14     | Noticed a centaur warrior
 15761 | D:14     | Killed a centaur warrior
 16222 | D:14     | Reached skill level 10 in Spellcasting
 16223 | D:14     | Noticed a centaur warrior
 16292 | D:13     | Reached skill level 10 in Fighting
 16780 | D:13     | Reached skill level 11 in Earth Magic
 16891 | D:13     | Found the +5 scythe "Finisher" {speed, eviscerate}
 17477 | D:13     | Reached XP level 13. HP: 113/113 MP: 29/31
 17534 | D:13     | Reached skill level 5 in Shields
 18293 | Orc:1    | Entered Level 1 of the Orcish Mines
 18961 | Orc:2    | Entered Level 2 of the Orcish Mines
 18976 | Orc:2    | Paralysed by an orc sorcerer for 7 turns
 18991 | Orc:2    | Paralysed by an orc sorcerer for 4 turns
 19396 | Orc:2    | Found a staircase to the Elven Halls.
 19440 | Orc:2    | Noticed Maurice
 19443 | Orc:2    | Killed Maurice
 19702 | Orc:2    | Reached skill level 10 in Evocations
 20245 | Orc:2    | Found Darish's Antique Armour Shoppe.
 20245 | Orc:2    | Found Jowoety's Book Shoppe.
 20246 | Orc:2    | Found Likear's Antique Armour Boutique.
 20246 | Orc:2    | Found Mipuc's Gadget Boutique.
 20256 | Orc:2    | Bought the +3 hat of Pondering {ponderous, MR+ MP+10 Int+5}
                  | for 876 gold pieces
 20256 | Orc:2    | Found the +3 hat of Pondering {ponderous, MR+ MP+10 Int+5}
 20379 | Orc:1    | Noticed an orc warlord
 20478 | Orc:2    | Killed an orc warlord
 20610 | Orc:1    | Noticed Erolcha
 20616 | Orc:1    | Killed Erolcha
 21040 | Lair:1   | Entered Level 1 of the Lair of Beasts
 21089 | Lair:1   | Noticed Prince Ribbit
 21098 | Lair:1   | Killed Prince Ribbit
 21838 | Lair:2   | Reached XP level 14. HP: 124/124 MP: 29/33
 22314 | Lair:2   | Reached skill level 12 in Earth Magic
 22526 | Lair:3   | Found a staircase to the Swamp.
 24400 | Lair:4   | Found a staircase to the Snake Pit.
 24593 | Snake:1  | Entered Level 1 of the Snake Pit
 25562 | Lair:6   | Entered Level 6 of the Lair of Beasts
 25762 | Lair:6   | Found a viscous altar of Jiyva.
 25768 | Lair:6   | Found a staircase to the Slime Pits.
 26741 | Lair:6   | Found a runed translucent door.
 26900 | Lair:6   | Reached skill level 13 in Earth Magic
 27308 | D:11     | Got a crystal morningstar
 27417 | D:8      | Bought a pair of glowing gloves for 180 gold pieces
 27484 | D:7      | Bought a runed scarf for 224 gold pieces
 27484 | D:7      | Bought a runed scarf for 224 gold pieces
 27651 | Elf:1    | Entered Level 1 of the Elven Halls
 27652 | Elf:1    | Identified the +7 morningstar of Bloody Death {flame, +Fly}
                  | (You found it on level 11 of the Dungeon)
 27671 | Elf:1    | Reached XP level 15. HP: 85/130 MP: 30/36
 27743 | Elf:1    | Got a crude trident
 27744 | Elf:1    | Identified the +10 trident of Evisceration {pierce, rF++}
                  | (You found it on level 1 of the Elven Halls)
 27761 | Elf:1    | Found a ruined gateway.
 27770 | Desolati | Entered the Desolation of Salt
 28058 | Desolati | Found the +9 scales of the Dragon King {rPois rF+ rC+ MR+}
 28072 | Desolati | Got translucent ice dragon scales
 28074 | Desolati | Got a pearl-encrusted scale mail
 28089 | Desolati | Identified the +1 ice dragon scales of Sadunill {rElec rF-
                  | rC++ Str+4 Int+3} (You found it in the Desolation of Salt)
 28099 | Desolati | Identified the +1 scale mail of Forking Paths {rPois rC+
                  | Dex+6} (You found it in the Desolation of Salt)
 28224 | Desolati | Reached skill level 10 in Shields
 28332 | Desolati | Got a faintly glowing golden ring
 28335 | Desolati | Got a crude ivory ring
 28341 | Desolati | Identified the ring of Sogol {*Corrode rC+++ rN+ Slay+4}
                  | (You found it in the Desolation of Salt)
 28343 | Desolati | Identified the ring of Ulosch {rElec rF+++ MR+ Str-4
                  | Stlth+} (You found it in the Desolation of Salt)
 28360 | Desolati | Identified Sif Muna's Handbook of Cold and the Blaze
 28365 | Desolati | Got a fine mace
 28370 | Desolati | Identified the +5 mace "Dyhineca" {crush, rC+} (You found
                  | it in the Desolation of Salt)
 28782 | Desolati | Got a coiled jade ring
 28790 | Desolati | Got a spiked helmet
 28798 | Desolati | Identified the ring "Magigg" {rCorr Int+8 Dex+3} (You found
                  | it in the Desolation of Salt)
 29094 | Desolati | Reached skill level 14 in Earth Magic
 29893 | Elf:1    | Reached XP level 16. HP: 85/137 MP: 4/38
 30360 | Elf:1    | You fall into a shaft and drop 1 floor!
 30382 | Elf:2    | Found a runed translucent gate.
 30382 | Elf:2    | Found a runed translucent gate.
 30382 | Elf:2    | Found a runed translucent gate.
 30405 | Elf:2    | HP: 4/137 [+1 vampiric glaive (21)]
 30405 | Elf:2    | Demolished by a +2 glaive of flaming

Levels and vault maps discovered:
D:1:      onia_arrival_larder, layout_loops_ring, kennysheep_pointless_box,
          supply_closet_lemuel, minivault_24
D:2:      layout_basic, minmay_overflow_temple_star_hex,
          nicolae_overflow_crystal_walls, gammafunk_temple_overflow_statue,
          first_ration
D:3:      minmay_chambers_of_threes, layout_rooms, uniq_ijyb
D:4:      layout_gridville, kennysheep_mini_moat, gup_sewer_entry_glass
D:5:      layout_loops_ring, dancing_weapons_uskayaw, minmay_temple_entry_hall,
          serial_shops, shop, serial_co_window_serial, co_window_paths_a,
          co_window_paths_b, co_window_corner_a, co_window_of_opportunity_a,
          co_window_corner_a, co_window_broadway_b, co_window_corner_ca,
          co_window_broadway_a, co_window_unsneaky_path_b, co_window_corner_b,
          co_window_broadway_a, co_window_corner_ca, minmay_divided_ellipse
D:6:      layout_basic, lemuel_round_altar, serial_shops,
          nicolae_shop_behind_doors, uniq_edmund
D:7:      layout_gridville, lemuel_doored_altar, serial_shops,
          nicolae_shop_stone, the_bakery
D:8:      layout_basic, kennysheep_little_box, serial_shops, shop_fountains,
          minivault_29, uniq_joseph, uniq_psyche, uniq_harold
D:9:      layout_gridville, serial_shops,
          nicolae_shop_temple_entry_statues_fountains
D:10:     layout_loops_ring, due_lair_maze_entry_diamond
D:11:     layout_roguey, serial_bayou, serial_bayou_lagoon_a,
          serial_bayou_lake_a, serial_bayou_shore_b, serial_bayou_shore_b
D:12:     layout_roguey, kennysheep_orc_monster_closet_entryway
D:13:     layout_loops_corners, minmay_misc_feat_columns,
          minmay_guarded_unrand_finisher
D:14:     layout_cave_pools, david_vaults_5, nicolae_trove_entry_path_of_doom,
          minmay_fractal_squares_5
D:15:     hangedman_depths_entry_try_elsewhere_first, layout_stronghold,
          basic_altar, ashenzari_altar_1
Lair:1:   layout_misc_corridors, grunt_megastairs_4, uniq_prince_ribbit2
Lair:2:   layout_chaotic_city
Lair:3:   regret_index_combs_of_tragedy, layout_regular_city,
          minmay_swamp_entry_worms
Lair:4:   layout_regular_city, guppyfry_snake_entry_island
Lair:5:   layout_layer_cave, serial_forest, infiniplex_forest_3_way,
          infiniplex_forest_clump_diagonal, infiniplex_forest_lined_1,
          infiniplex_forest_lined_3, infiniplex_forest_straight_1,
          infiniplex_forest_end_double
Lair:6:   wormcave, layout_big_grid, hangedman_lair_caniforms_friends,
          slime_altar_1
Snake:1:  layout_misc_corridors, uniq_donald
Orc:1:    layout_caves, roderic_batcave, statue_in_the_mist_lemuel,
          sword_in_stone, uniq_erolcha
Orc:2:    st_orc_elflike, layout_diamond_mine, mines3_lemuel, uniq_maurice
Elf:1:    eino_elf_arrival_the_gate, layout_loops_ring, serial_shops,
          nicolae_shop_stone, portal_desolation_entry_nicolae_slug,
          kennysheep_underground_church
Elf:2:    layout_onion_city, basic_altar

Skill      XL: |  1  2  3  4  5  6  7  8  9 10 11 12 13 14 15 |
---------------+----------------------------------------------+-----
Spellcasting   | 2 3 4 5 6 7 8 9 10 12 13 | 13.4
Earth Magic    | 3 4 5 6 7 8 9 10 11 13 14 | 14.5
Fighting       | 1 2 3 5 6 7 9 10 11 | 11.2
Evocations     | 1 3 5 6 8 9 10 | 10.6
Shields        | 2 4 6 9 11 | 11.4
Dodging        | |  1.7
Stealth        | |  1.7
Transmutations | |  0.8

Action                   |  1- 3 |  4- 6 |  7- 9 | 10-12 | 13-15 | 16-18 || total
-------------------------+-------+-------+-------+-------+-------+-------++-------
Melee: Unarmed           |    73 |       |       |       |       |       ||    73
       Short sword       |    23 |   115 |   152 |       |       |       ||   290
       Whip              |       |       |    28 |    27 |       |       ||    55
       Dagger            |       |       |       |   159 |   148 |       ||   307
Throw: Stone             |       |       |     1 |     1 |       |       ||     2
       Throwing net      |       |       |       |     8 |       |       ||     8
 Cast: Sandblast         |    42 |    65 |    71 |   126 |   163 |       ||   467
       Lee's Rapid Decon |       |       |    16 |   132 |   398 |    24 ||   570
       Stone Arrow       |       |       |    20 |   223 |   312 |       ||   555
       Petrify           |       |       |       |    10 |    21 |       ||    31
 Abil: Evoke Fog         |       |       |     1 |     7 |     9 |     2 ||    19
Evoke: Wand              |       |       |     3 |    33 |     7 |       ||    43
       Sack of spiders   |       |       |       |       |       |     5 ||     5
  Use: Scroll            |     5 |     7 |     5 |    14 |    18 |     7 ||    56
       Potion            |       |     4 |       |     2 |    10 |     4 ||    20
 Stab: Sleeping          |    11 |     2 |     8 |     3 |     3 |       ||    27
       Distracted        |       |     1 |     2 |     1 |     1 |       ||     5
       Paralysed         |       |       |       |    10 |     3 |       ||    13
       Held in net/web   |       |       |       |     1 |       |       ||     1
  Eat: Chunk             |     2 |     9 |    14 |    43 |    40 |       ||   108
       Ration            |       |       |       |     4 |     8 |       ||    12
Armor: Robe              |    25 |    59 |   111 |   127 |       |       ||   322
       Troll leather arm |       |       |       |     4 |   226 |       ||   230
       Ice dragon scales |       |       |       |       |    31 |    20 ||    51
Dodge: Dodged            |    78 |   129 |   167 |   224 |   317 |     7 ||   922
